 Dungeon Crawl Stone Soup version 0.28.0-53-g5a82cb258f (webtiles) character file.

Game seed: 4145739312590836695

56 DildoBatman the Conjurer (level 4, -1/30 HPs)
             Began as a Formicid Conjurer on June 30, 2022.
             Slain by an adder (4 damage)
             ... on level 2 of the Dungeon.
             The game lasted 00:02:45 (1007 turns).

DildoBatman the Conjurer (Formicid Conjurer)        Turns: 1007, Time: 00:02:46

Health: -1/30      AC:  3    Str: 12    XL:     4   Next: 15%
Magic:  4/7        EV: 12    Int: 17    God:
Gold:   12         SH:  0    Dex: 11    Spells: 4/7 levels left

rFire   . . .      SeeInvis +   f - +0 mace
rCold   . . .      Faith    .   (no shield)
rNeg    . . .      Spirit   .   a - +0 robe
rPois   .          Reflect  .   (helmet unavailable)
rElec   .          Harm     .   (no cloak)
rCorr   .          Rampage  .   b - +0 pair of gloves
Will    .....                   (no boots)
Stlth   ++........              (no amulet)
HPRegen 0.10/turn               (no ring)
MPRegen 0.10/turn               (no ring)

@: no status effects
A: permanent stasis, dig shafts and tunnels, antennae 3, four strong arms
a: Dig, Shaft Self


You were on level 2 of the Dungeon.
You visited 1 branch of the dungeon, and saw 2 of its levels.

You collected 12 gold pieces.

Inventory:

Hand Weapons
 c - a +0 short sword
 f - a +0 mace (weapon)
Missiles
 d - 26 arrows
 e - 55 stones
 l - 3 curare-tipped darts
Armour
 a - a +0 robe (worn)
 b - a +0 pair of gloves (worn)
Scrolls
 h - a scroll of summoning {unknown}
 j - a scroll of vulnerability {unknown}
 k - 2 scrolls of identify {unknown}
Potions
 g - 2 potions of lignification {unknown}
 i - a potion of heal wounds {unknown}


   Skills:
 * Level 0.2 Fighting
 * Level 0.2 Armour
 - Level 1.7 Dodging
 - Level 2.4 Stealth
 * Level 2.2 Spellcasting
 * Level 4.8 Conjurations


You had 4 spell levels left.
You knew the following spells:

 Your Spells              Type           Power      Damage    Failure   Level
a - Searing Ray           Conj           36%        2d5       3%          2
c - Magic Dart            Conj           72%        1d6       2%          1

Your spell library contained the following spells:

 Spells                   Type           Power      Damage    Failure   Level
 Dazzling Flash           Conj/Hex       20%        N/A       21%         3
 Fulminant Prism          Conj/Hex       5%         3d7       56%         4
 Iskenderun's Mystic Bla  Conj/Tloc      10%        2d4       56%         4


Dungeon Overview and Level Annotations

Branches:
Dungeon (2/15)

Altars:

Shops:
D:2 =


Innate Abilities, Weirdness & Mutations

You cannot be hasted, slowed, berserked, paralysed or teleported.
You can dig through walls and to a lower floor.
You have a pair of large antennae on your head. (SInv)
Your four strong arms can wield two-handed weapons with a shield.


Message History

Anything else - Cancel.
You shout for attention!
You feel sick.
You are no longer poisoned.
The quokka bites you. The quokka misses you. The adder closely misses you.
The quokka barely misses you. What are your orders? t - Shout!
Orders for allies: a - Attack new target. r - Retreat! s - Stop attacking. g - Guard the area. f - Follow me.
Anything else - Cancel.
You shout for attention!
The quokka closely misses you. The adder barely misses you.
The quokka barely misses you. What are your orders? t - Shout!
Orders for allies: a - Attack new target. r - Retreat! s - Stop attacking. g - Guard the area. f - Follow me.
Anything else - Cancel.
You shout for attention!
The quokka bites you. The adder closely misses you.
The quokka bites you but does no damage.
The quokka misses you. The adder bites you but does no damage.
What are your orders? t - Shout!
Orders for allies: a - Attack new target. r - Retreat! s - Stop attacking. g - Guard the area. f - Follow me.
Anything else - Cancel.
You shout for attention!
The quokka misses you. The adder bites you.
You die...

#...†...#.#.# #..............
..#.#.###.#.# #.##.....≈≈....
###.#.#.....######.##.....⌠≈....
...<..#...###......##†##.≈.≈.##.
#############.#######.##.....##.
..............# #......#..####.#
##################.##.#.#.#####..
..(....rr...............
..###.@#.#.#..#..#####.
#.S#.#....#..# ##. ##.#.#....#..#
#.. #.#.#..###..####..
#.#.#.............
#.#.#.###.#†#####. #...#.. #.#.#
#. #.. ....#.#.# #.
##.###.#.######


You could see an adder and 2 quokkas.

Vanquished Creatures
  2 adders (D:2)
  A worm (D:2)
  A dart slug (D:1)
  2 ball pythons (D:1)
  6 bats (D:1)
  3 endoplasms (D:1)
  2 goblins (D:1)
  2 hobgoblins (D:1)
  A quokka (D:1)
  6 frilled lizards (D:1)
  4 kobolds (D:1)
  2 rats (D:1)
32 creatures vanquished.

Notes
Turn   | Place    | Note
-------+----------+-------------------------------------------
     0 | D:1      | DildoBatman the Formicid Conjurer began the quest for the
                  | Orb.
     0 | D:1      | Reached XP level 1. HP: 13/13 MP: 3/3
    77 | D:1      | Reached skill level 4 in Conjurations
    77 | D:1      | Reached XP level 2. HP: 19/19 MP: 1/5
    80 | D:1      | Learned a level 2 spell: Searing Ray
   300 | D:1      | Reached XP level 3. HP: 15/24 MP: 2/6
   372 | D:1      | Found a faded altar of an unknown god.
   726 | D:2      | Found Wiohouf's Jewellery Shop.
   984 | D:2      | Reached XP level 4. HP: 30/30 MP: 2/7
  1007 | D:2      | Slain by an adder

Illustrated notes

Levels and vault maps discovered:
D:1:      dpeg_arrival_pits, layout_loops_ring,
          hellmonk_ecumenical_altar_slurped_away
D:2:      layout_basic, serial_shops, nicolae_shop_crystal,
          corexii_leaking_fountain

Skill      XL: |  1 |
---------------+----+-----
Conjurations   | 4 |  4.8
Fighting       | |  0.2
Armour         | |  0.2
Dodging        | |  1.7
Stealth        | |  2.4
Spellcasting   | |  2.2

Action                   |  1- 3 |  4- 6 || total
-------------------------+-------+-------++-------
Melee: Short sword       |    12 |       ||    12
       Unarmed           |     1 |       ||     1
       Mace              |    15 |       ||    15
 Cast: Magic Dart        |    30 |       ||    30
       Searing Ray       |     4 |       ||     4
 Stab: Sleeping          |     1 |       ||     1
Armor: Robe              |    12 |     3 ||    15
Dodge: Dodged            |    20 |    25 ||    45
